 Dungeon Crawl Stone Soup version 0.14.2 (webtiles) character file.

78268 4thArraOfDagon the Severer (level 15, -1/138 HPs)
             Began as a Deep Dwarf Fighter on Mar 8, 2016.
             Was the Champion of Makhleb.
             Hit by a javelin thrown by a merfolk javelineer (9 damage)
             ... on Level 5 of the Shoals.
             The game lasted 01:50:37 (9856 turns).

4thArraOfDagon the Severer (Deep Dwarf Fighter)     Turns: 9856, Time: 01:50:37

HP  -1/138       AC 17     Str 24 (25) XL: 15   Next: 17%
MP  15/15        EV 12     Int 10      God: Makhleb [******]
Gold 192         SH  0     Dex 12      Spells:  0 memorised, 14 levels left

rFire  + . .     SeeInvis +     B - +7 battleaxe (flame)
rCold  + . .     Rnd*Rage +     y - +2 ring mail {rPois}
rNeg   + . .     Conserve +     (no shield)
rPois  +         rCorr    .     U - +0 mask of the Dragon {MR+ Acc+3 Dam+3 SInv}
rElec  +         rRot     .     l - +0 cloak
SustAb . .       Spirit   .     a - +2 pair of gloves {rF+}
rMut   .         Warding  .     S - +0 pair of boots
Saprov . . .     Stasis   .     W - amulet of conservation
MR     ++++.                    H - ring of Inityar {+Fly rElec}
                                s - ring of protection from magic

@: non-regenerating, flying, incredibly resistant to hostile enchantments, very
unstealthy
A: damage resistance, recharge devices, repulsion field 1, berserk 1, cold
resistance 1, life protection 1, sense surroundings 2, slow healing 3, wild
magic 1
a: Device Recharging, Minor Destruction, Lesser Servant of Makhleb, Major
Destruction, Greater Servant of Makhleb, Renounce Religion


You were on level 5 of the Shoals.
You worshipped Makhleb.
Makhleb was exalted by your worship.
You were hungry.

You visited 5 branches of the dungeon, and saw 31 of its levels.
You visited the Abyss 1 time.
You also visited: Labyrinth and Volcano.

You collected 1798 gold pieces.
You spent 1606 gold pieces at shops.

Inventory:

Hand weapons
 t - a +0,+0 short sword of distortion
 x - a +0 blowgun
 B - a +7,+7 battleaxe of flaming (weapon)
Missiles
 C - 3 curare-tipped needles
Armour
 a - a +2 pair of gloves of fire resistance (worn)
 l - a +0 cloak (worn)
 y - a +2 ring mail of poison resistance (worn)
 S - a +0 pair of boots (worn)
 U - the +0 mask of the Dragon (worn) {MR+ Acc+3 Dam+3 SInv}
   (You bought it in a shop on level 4 of the Orcish Mines)

   It affects your accuracy with ranged weapons and melee attacks (+3).
   It affects your damage with ranged weapons and melee attacks (+3).
   It affects your resistance to hostile enchantments.
   It enhances your eyesight.
Magical devices
 d - a wand of heal wounds (3)
 r - a wand of slowing (10)
 z - a wand of digging (0)
 D - a wand of draining (2)
 F - a wand of lightning (2) {unknown}
 G - a wand of disintegration (12)
 J - a wand of cold (8)
 L - a wand of draining (7)
 N - a wand of confusion (13)
Comestibles
 c - 15 cheeses
 f - 6 bread rations
 O - 2 meat rations
Scrolls
 g - 3 scrolls of teleportation
 q - 4 scrolls of remove curse
 A - 2 scrolls of fear
 E - 6 scrolls of immolation
 M - 5 scrolls of fog
 V - a scroll of torment
 Y - 3 scrolls of magic mapping
Jewellery
 j - an uncursed ring of protection from fire
 k - an uncursed ring of protection from fire
 p - an uncursed amulet of stasis
 s - a ring of protection from magic (left hand)
 u - a cursed ring of protection from magic
 v - an uncursed ring of teleportation
 H - the ring of Inityar (right hand) {+Fly rElec}
   (You found it on level 12 of the Dungeon)

   [ring of flight]

   It insulates you from electricity.
 T - an uncursed amulet of warding
 W - an amulet of conservation (around neck)
 X - an uncursed amulet of inaccuracy {unknown}
Potions
 b - a potion of resistance
 e - a potion of might
 h - 9 potions of curing
 n - 2 potions of lignification
 o - 3 potions of haste
 I - 2 potions of brilliance
 P - 2 potions of berserk rage
 R - 5 potions of agility
Miscellaneous
 i - a plain deck of changes
 m - a legendary deck of war {the Crusade}
 K - a sack of spiders
 Q - a plain deck of war {the Portal}
Rods
 Z - a +0 rod of ignition (14/14)
   (You found it on level 11 of the Dungeon)


   Skills:
 + Level 10.2 Fighting
 * Level 19.5 Axes
 + Level 14.5 Armour
   Level 3.2 Shields
 - Level 6.0 Invocations
 + Level 11.4 Evocations


You had 14 spell levels left.
You didn't know any spells.

Dungeon Overview and Level Annotations

Branches:
Dungeon (13/15)            Temple (1/1) D:7             Orc (4/4) D:10
    Elf (0/3) Orc:4          Lair (8/8) D:8          Shoals (5/5) Lair:4
  Slime (0/6) Lair:8
  Swamp: Lair:3-6     Snake: Lair:3-6    Spider: Lair:3-6    Vaults: D:13-14

Altars:
Ashenzari
Cheibriados
Dithmenos
Fedhas
Makhleb
Nemelex Xobeh
Sif Muna
Trog
Vehumet
Xom
Yredelemnul
Zin
The Shining One

Shops:
Orc:4 *[[*   Shoals:3 (   Shoals:4 *

Annotations:
Lair:4 KRAKEN
Shoals:2 exclusion: oklob plant
Shoals:5 Ilsuiw


Innate Abilities, Weirdness & Mutations

You are resistant to damage.
You can recharge devices by infusing magical energy.
You resist negative energy.
You passively map the area around you.
You do not heal naturally.
You are surrounded by a mild repulsion field (EV +2).
You tend to lose your temper in combat.
Your flesh is cold resistant.
Your spells are a little harder to cast, but a little more powerful.


Message History

You hear a splash.
Unknown command.
Use which ability? (? or * to list) Charge which item? (? for menu, Esc to quit)
Your wand of heal wounds (0) glows for a moment and now has 3 charges.
The siren chants a haunting song.
You resist.
Your green death hits the merfolk.
The mermaid chants a haunting song.
You resist.
The merfolk throws a tomahawk.
The tomahawk hits your green death.
You hear a splash.
The merfolk javelineer throws a javelin.
The javelin hits you!
* * * LOW HITPOINT WARNING * * *
You hear a splash.
The merfolk aquamancer points at you and mumbles some strange words.
The ball of steam hits you! You resist.
* * * LOW HITPOINT WARNING * * *
The merfolk javelineer throws a javelin.
The javelin hits you!
You die...

≈
≈≈≈≈≈≈≈≈m≈≈≈≈≈≈≈≈≈≈≈≈≈≈≈≈
≈
≈≈≈≈≈m≈≈m≈(≈≈≈≈≈≈≈≈≈≈≈≈≈≈≈
≈
≈≈≈≈≈≈≈≈≈≈m≈≈≈≈≈≈≈≈≈≈≈≈≈≈≈
≈##m##(m2≈≈≈≈≈≈≈≈≈≈≈≈≈ ≈
#≈≈≈.#m≈≈≈≈≈≈≈≈≈≈≈≈ ≈ ≈ ≈≈
#≈≈≈≈≈#mm≈≈≈≈≈≈≈≈≈≈ ≈≈
#≈≈φ≈≈#§≈[)≈≈≈≈≈≈≈≈ ≈ ≈ ≈
#≈m≈≈≈#§≈≈≈≈≈≈≈≈≈≈ ≈
##≈≈≈##@≈≈≈≈≈≈≈≈ ≈ ≈ ≈
#####≈≈≈≈P≈≈≈≈≈ ≈ ≈≈
≈≈≈≈.≈≈≈≈≈P ≈≈ ≈ ≈
≈≈≈≈?...≈≈≈≈≈ ≈
≈≈≈≈≈≈≈.##≈≈≈≈≈≈ ≈ ≈
P≈≈≈P...,≈≈≈≈ ≈ ≈ ≈
≈≈.....m .≈P ≈ ≈≈ ,
######..m ≈ ≈ * ≈#≈#≈ ≈


You could see 2 merfolk javelineers, a merfolk, a mermaid and a friendly green
death.

Vanquished Creatures
  Agnes (Shoals:3)
  A merfolk javelineer (Shoals:5)
  2 merfolk impalers
  A siren (Shoals:5)
  A minotaur (Lab)
  3 hydras
  A satyr (Shoals:5)
  An alligator snapping turtle (Shoals:4)
  3 merfolk aquamancers (Shoals:4)
  A deep troll shaman (Lair:8)
  10 death yaks
  A centaur warrior (D:13)
  6 sea snakes
  An orc high priest (Orc:4)
  A catoblepas (Lair:8)
  2 large abominations (Abyss:1)
  6 hill giants
  A lindwurm (Lair:8)
  5 harpies (Shoals:5)
  An orc sorcerer (Orc:3)
  A water nymph (Shoals:4)
  Joseph (D:9)
  3 orc knights (Orc:4)
  2 griffons
  A faun (Shoals:4)
  7 elephants
  4 cyclopes
  A manticore (Shoals:4)
  A mermaid (Shoals:4)
  2 feature mimics
  3 spiny frogs
  A black mamba (Lair:7)
  A gargoyle (D:12)
  A smoke demon (Abyss:1)
  Psyche (D:9)
  A kobold demonologist (D:11)
  A hellwing (D:13)
  4 fire drakes
  6 trolls
  A two-headed ogre (D:13)
  An ancient zyme (Abyss:1)
  A hydra zombie (D:11)
  8 merfolk
  Sonja (Orc:3)
  2 komodo dragons
  2 wind drakes (Shoals:5)
  Prince Ribbit (D:6)
  6 snapping turtles
  2 basilisks
  2 raiju
  9 blink frogs
  A ynoxinul (Abyss:2)
  6 water elementals
  2 grizzly bears (Lair:8)
  5 sharks
  A shadow (D:12)
  2 hill giant zombies (D:10)
  A neqoxec (Abyss:1)
  2 vampire mosquitoes (D:13)
  28 yaks
  4 hungry ghosts
  9 ugly things
  2 hippogriffs
  3 wyverns
  A swamp worm (Lair:1)
  6 wolves (Lair:8)
  Edmund (D:9)
  10 wargs
  A naga (Lair:6)
  A hell hound (Abyss:1)
  A mottled dragon (Lair:4)
  2 necrophages
  13 water moccasins
  A small abomination (Abyss:1)
  3 porcupines
  An ice beast (D:7)
  2 phantoms
  A black bear (Lair:8)
  4 giant goldfish (D:13)
  34 orc warriors
  8 crocodiles
  4 centaurs (D:11)
  7 ogres
  Duvessa (D:5)
  2 big kobolds
  A boring beetle (Lair:8)
  5 giant slugs
  Blork the orc (D:6)
  8 giant frogs
  2 gnoll sergeants
  4 scorpions
  A water moccasin skeleton (D:8)
  A troll skeleton (D:13)
  3 wights (D:7)
  2 electric eels
  Dowan (D:5)
  A centaur zombie (D:12)
  4 big fish
  6 crimson imps
  6 hounds
  A jelly (D:11)
  14 orc priests
  A giant frog skeleton (D:12)
  6 worker ants
  Natasha (twice) (D:5)
  6 iguanas
  14 orc wizards
  6 orange rats
  11 sheep
  A crocodile skeleton (D:10)
  6 ogre zombies (D:10)
  2 mummies
  8 adders
  9 gnolls
  4 green rats
  A giant mite (Lair:1)
  A white imp (Abyss:1)
  A worm (Lair:1)
  12 ufetubi
  A giant eyeball (D:6)
  A giant gecko (D:11)
  126 orcs
  A giant cockroach (D:7)
  10 hobgoblins
  7 jackals
  8 quokkas
  8 bats
  2 giant spores
  10 goblins
  A goblin skeleton (D:10)
  A goblin zombie (D:10)
  2 hobgoblin skeletons (D:10)
  2 hobgoblin zombies (D:10)
  16 kobolds
  3 orc skeletons (D:10)
  17 orc zombies
  19 rats
  5 ballistomycetes
  4 fungi
  5 plants
698 creatures vanquished.

Vanquished Creatures (collateral kills)
  Donald (Shoals:3)
  A grey draconian (Abyss:2)
  A merfolk impaler (Shoals:4)
  A hydra (Lair:4)
  2 merfolk aquamancers (Shoals:5)
  A satyr (Shoals:4)
  2 sea snakes
  A water nymph (Shoals:5)
  A griffon (Shoals:5)
  A cyclops (D:12)
  A manticore (Shoals:4)
  A black mamba (Lair:4)
  A komodo dragon (Lair:4)
  A troll (D:12)
  3 merfolk
  A basilisk (Lair:4)
  A snapping turtle (Shoals:4)
  A water elemental (Shoals:5)
  An ugly thing (D:12)
  An ogre (D:12)
  A jelly (D:12)
  A hound (D:12)
  2 gnolls (D:11)
  4 green rats (Lair:4)
  2 orcs (D:13)
34 creatures vanquished.

Vanquished Creatures (others)
  A green death (Shoals:3)
  3 drowned souls (Shoals:5)
  An orange demon (Shoals:4)
  3 smoke demons
  A hellwing (Orc:4)
  2 neqoxecs (Shoals:5)
  2 ynoxinuls
  A centaur (D:9)
  A quasit (Shoals:5)
  3 crimson imps (Shoals:5)
  3 iron imps (Shoals:5)
  An adder (D:11)
  15 ufetubi
  2 giant spores
  A ballistomycete (D:12)
  3 starspawn tentacles (Abyss:2)
  93 starspawn tentacle segments (Abyss:2)
136 creatures vanquished.

Grand Total: 868 creatures vanquished

Notes
Turn   | Place    | Note
--------------------------------------------------------------
     0 | D:1      | 4thArraOfDagon, the Deep Dwarf Fighter, began the quest for the Orb.
     0 | D:1      | Reached XP level 1. HP: 20/20 MP: 1/1
    22 | D:1      | wtf did i just click
   119 | D:3      | Noticed an orc priest
   126 | D:3      | Killed an orc priest
   126 | D:3      | Reached XP level 2. HP: 21/27 MP: 2/2
   126 | D:3      | Reached XP level 3. HP: 25/33 MP: 3/3
   191 | D:4      | Noticed an ogre
   196 | D:5      | Entered Level 5 of the Dungeon
   235 | D:5      | Noticed Natasha
   244 | D:5      | Killed Natasha
   244 | D:5      | Reached skill level 4 in Armour
   244 | D:5      | Reached XP level 4. HP: 23/42 MP: 4/4
   245 | D:5      | Noticed a necrophage
   270 | D:5      | Killed a necrophage
   270 | D:5      | Reached XP level 5. HP: 12/49 MP: 5/5
   282 | D:5      | Noticed Duvessa
   282 | D:5      | Noticed Dowan
   293 | D:5      | Killed Duvessa
   293 | D:5      | Reached skill level 5 in Axes
   293 | D:5      | Reached skill level 1 in Evocations
   307 | D:5      | Killed Dowan
   307 | D:5      | Reached XP level 6. HP: 25/56 MP: 7/7
   311 | D:5      | Identified Petaaj's Guide on Bewitchment and Evil
   383 | D:5      | Noticed an ice beast
   423 | D:6      | Noticed Blork the orc
   428 | D:6      | Paralysed by a giant eyeball for 3 turns
   519 | D:6      | Reached skill level 5 in Armour
   575 | D:5      | Noticed Natasha
   577 | D:5      | Killed Natasha
   577 | D:5      | Reached XP level 7. HP: 24/64 MP: 10/10
   603 | D:6      | Reached skill level 6 in Axes
   639 | D:6      | Found a shimmering altar of Xom.
   707 | D:6      | Killed Blork the orc
   718 | D:6      | Noticed Prince Ribbit
   734 | D:6      | Killed Prince Ribbit
   743 | D:6      | Reached skill level 7 in Axes
   752 | D:6      | Reached XP level 8. HP: 25/73 MP: 13/13
   908 | D:7      | Found a staircase to the Ecumenical Temple.
   918 | Temple   | Entered the Ecumenical Temple
   957 | Temple   | Became a worshipper of Makhleb the Destroyer
  1069 | D:7      | Reached skill level 5 in Evocations
  1296 | D:9      | Reached skill level 5 in Fighting
  1299 | D:9      | Reached skill level 8 in Axes
  1310 | D:9      | Noticed Joseph
  1352 | D:9      | Noticed Edmund
  1365 | D:9      | Killed Joseph
  1378 | D:9      | Killed Edmund
  1378 | D:9      | Gained mutation: You passively map the area around you. [level up]
  1378 | D:9      | Reached XP level 9. HP: 46/81 MP: 17/17
  1485 | D:9      | Noticed Psyche
  1498 | D:9      | Killed Psyche
  1498 | D:9      | Reached skill level 9 in Axes
  1631 | D:9      | Identified a scroll of acquirement
  1736 | D:10     | Entered Level 10 of the Dungeon
  1879 | D:11     | HP: 2/82 [centaur (4)]
  1901 | D:11     | Noticed a hill giant
  1930 | D:10     | Found a shattered altar of Ashenzari.
  1944 | D:10     | Noticed a hill giant
  2049 | D:10     | Reached skill level 10 in Axes
  2055 | D:10     | Acquired Makhleb's first power
  2078 | D:10     | Found a staircase to the Orcish Mines.
  2142 | D:10     | Reached XP level 10. HP: 67/92 MP: 20/20
  2156 | D:10     | Acquired Makhleb's second power
  2222 | Orc:1    | Entered Level 1 of the Orcish Mines
  2462 | Orc:3    | Noticed an orc sorcerer
  2477 | Orc:3    | Killed an orc sorcerer
  2542 | Orc:3    | Noticed Sonja
  2569 | Orc:2    | Reached skill level 11 in Axes
  2580 | Orc:2    | Acquired Makhleb's third power
  2847 | Orc:3    | Killed Sonja
  2880 | Orc:4    | Entered Level 4 of the Orcish Mines
  2892 | Orc:4    | Acquired Makhleb's fourth power
  2933 | Orc:4    | Found a radiant altar of Vehumet.
  2987 | Orc:4    | Found a staircase to the Elven Halls.
  3065 | Orc:4    | Reached skill level 10 in Evocations
  3180 | Orc:4    | Reached skill level 1 in Invocations
  3214 | Orc:4    | Noticed an orc knight
  3292 | Orc:4    | Killed an orc knight
  3292 | Orc:4    | Reached skill level 12 in Axes
  3292 | Orc:4    | Reached XP level 11. HP: 70/100 MP: 20/20
  3346 | Orc:4    | Found Klail's Assorted Antiques.
  3346 | Orc:4    | Found Gejocef's Armour Shop.
  3350 | Orc:4    | Bought a scroll labeled MNAONU VURAZING for 39 gold pieces
  3350 | Orc:4    | Bought an emulsified cyan potion for 35 gold pieces
  3369 | Orc:4    | Noticed an orc knight
  3423 | Orc:4    | Killed an orc knight
  3423 | Orc:4    | Acquired Makhleb's fifth power
  3513 | Orc:4    | Noticed an orc knight
  3567 | Orc:4    | Killed an orc knight
  3578 | Orc:4    | Cast into the Abyss (orc warrior)
  3616 | Abyss:1  | Found a corrupted altar of Lugonu.
  3618 | Abyss:1  | Noticed a starcursed mass
  3618 | Abyss:1  | Noticed a large abomination
  3658 | Abyss:1  | Killed a large abomination
  3670 | Abyss:1  | Found a corrupted altar of Lugonu.
  3687 | Abyss:1  | Found a corrupted altar of Lugonu.
  3767 | Abyss:1  | Noticed a large abomination
  3812 | Abyss:1  | Killed a large abomination
  3818 | Abyss:1  | Noticed a thrashing horror
  3924 | Abyss:2  | Noticed a grey draconian
  3947 | Abyss:2  | Killed a grey draconian
  3947 | Abyss:2  | Reached skill level 5 in Invocations
  3962 | Abyss:2  | Noticed a tentacled starspawn
  3964 | Abyss:2  | Noticed a green very ugly thing
  3996 | Abyss:2  | Noticed a large abomination
  4006 | Abyss:2  | Noticed a wretched star
  4032 | Abyss:2  | Reached skill level 13 in Axes
  4071 | Orc:4    | Escaped the Abyss
  4094 | Orc:4    | Reached skill level 10 in Armour
  4201 | Orc:4    | HP: 4/82 [troll (7)]
  4226 | Orc:4    | Noticed an orc high priest
  4230 | Orc:4    | Killed an orc high priest
  4347 | Orc:4    | Found Beoz's General Store.
  4347 | Orc:4    | Found Waheur's Antique Armour Shoppe.
  4452 | Orc:4    | Reached XP level 12. HP: 51/112 MP: 12/12
  4477 | Orc:4    | Bought the +0 mask of the Dragon {MR+ Acc+3 Dam+3 SInv} for 555 gold pieces
  4477 | Orc:4    | Bought a scroll of enchant weapon III for 280 gold pieces
  4477 | Orc:4    | Bought a potion of curing for 28 gold pieces
  4497 | Orc:4    | Noticed an orc knight
  4830 | D:11     | Noticed a hill giant
  4843 | D:11     | Killed a hill giant
  5068 | D:11     | Reached skill level 14 in Axes
  5118 | D:11     | Killed a hill giant
  5179 | D:11     | You fall through a shaft!
  5451 | D:13     | Reached skill level 15 in Axes
  5478 | D:12     | Found a staircase to the Orcish Mines.
  5527 | D:12     | Got a transparent jade ring
  5618 | D:12     | Identified the ring of Inityar {+Fly rElec} (You found it on level 12 of the Dungeon)
  5642 | D:12     | Found a burning altar of Makhleb.
  5644 | D:12     | Noticed a blizzard demon
  5846 | D:11     | Noticed a kobold demonologist
  5852 | D:11     | Killed a kobold demonologist
  5927 | D:11     | Gained mutation: You tend to lose your temper in combat. [potion of mutation]
  5927 | D:11     | Gained mutation: You are surrounded by a mild repulsion field (EV +2). [potion of mutation]
  5927 | D:11     | Gained mutation: Your flesh is cold resistant. [potion of mutation]
  5952 | D:11     | Gained mutation: Your spells are a little harder to cast, but a little more powerful. [potion of beneficial mutation]
  6061 | D:10     | Reached XP level 13. HP: 118/118 MP: 13/13
  6316 | D:8      | Found a staircase to the Lair.
  6318 | D:8      | Noticed an elephant
  6318 | D:8      | Noticed an elephant
  6326 | D:8      | Killed an elephant
  6326 | D:8      | Reached skill level 16 in Axes
  6333 | D:8      | Killed an elephant
  6396 | Lair:1   | Entered Level 1 of the Lair of Beasts
  6708 | Lair:4   | Found a dark tunnel.
  6713 | Volcano  | Entered a volcano
  6923 | Lair:4   | Identified a +0 rod of ignition (14/14) (You found it on level 11 of the Dungeon)
  7147 | Lair:5   | Reached skill level 17 in Axes
  7313 | Lair:6   | Found a staircase to the Snake Pit.
  7390 | Lair:7   | Found a labyrinth entrance.
  7420 | Lab      | Entered a labyrinth
  7844 | Lair:8   | Entered Level 8 of the Lair of Beasts
  7867 | Lair:8   | Found a staircase to the Slime Pits.
  8026 | Lair:8   | Reached skill level 18 in Axes
  8032 | Lair:8   | Gained mutation: You resist negative energy. [level up]
  8032 | Lair:8   | Reached XP level 14. HP: 80/127 MP: 14/14
  8532 | Lair:6   | the staircase to the Snake Pit was a mimic.
  8536 | Lair:6   | ROTFL
  8775 | Lair:4   | Found a staircase to the Shoals.
  8799 | Shoals:1 | Entered Level 1 of the Shoals
  8895 | Shoals:2 | Found a shadowy altar of Dithmenos.
  8908 | Shoals:3 | Noticed Donald
  8914 | Shoals:3 | HWO
  8923 | Shoals:3 | Killed Donald
  8968 | Shoals:3 | Found Zeuhafar's Antique Weapon Shop.
  8969 | Shoals:3 | Noticed Agnes
  8976 | Shoals:3 | Killed Agnes
  9114 | Shoals:4 | Found Khuaroim's Assorted Antiques.
  9123 | Shoals:4 | Bought a scroll of magic mapping for 157 gold pieces
  9123 | Shoals:4 | Bought a scroll of teleportation for 135 gold pieces
  9123 | Shoals:4 | Bought a metallic silvery potion for 40 gold pieces
  9123 | Shoals:4 | Bought a potion of curing for 90 gold pieces
  9123 | Shoals:4 | Bought a scroll of enchant weapon II for 247 gold pieces
  9145 | Shoals:5 | Entered Level 5 of the Shoals
  9240 | Shoals:4 | Reached skill level 19 in Axes
  9400 | Shoals:4 | HP: 6/130 [shark (7)]
  9515 | Shoals:5 | Noticed Ilsuiw
  9668 | Shoals:5 | Reached skill level 10 in Fighting
  9680 | Shoals:5 | Reached XP level 15. HP: 36/138 MP: 16/16
  9856 | Shoals:5 | Hit by a javelin thrown by a merfolk javelineer

Action                   |  1- 3 |  4- 6 |  7- 9 | 10-12 | 13-15 || total
-------------------------+-------+-------+-------+-------+-------++-------
Melee: War axe           |    22 |    78 |   299 |   938 |   100 ||  1437
       Battleaxe         |       |       |       |       |   512 ||   512
Throw: Throwing net      |       |       |       |       |     2 ||     2
Invok: Lesser Servant of |       |       |       |    11 |     8 ||    19
       Minor Destruction |       |       |       |     1 |     2 ||     3
       Greater Servant o |       |       |       |       |     5 ||     5
 Abil: Device Recharging |       |       |     1 |    12 |     1 ||    14
       Evoke Flight      |       |       |       |     2 |    13 ||    15
       Stop Flying       |       |       |       |       |     7 ||     7
Evoke: Wand              |       |     2 |    17 |    70 |    23 ||   112
  Use: Potion            |     1 |     1 |     3 |     9 |     2 ||    16
       Scroll            |     4 |     4 |    13 |     7 |    27 ||    55
 Stab: Paralysed         |       |       |     2 |     5 |       ||     7
       Distracted        |       |       |       |     2 |     4 ||     6
       Confused          |       |       |       |     1 |       ||     1
